 Dungeon Crawl Stone Soup version 0.20.1-1-g8b1a95d (webtiles) character file.

1551 vineage the Poker (level 8, -1/64 HPs)
             Began as a Demonspawn Berserker on July 26, 2017.
             Was an Elder of Trog.
             Slain by an orc warrior
             ... wielding a +0 trident
              (5 damage)
             ... on level 7 of the Dungeon.
             The game lasted 00:20:32 (5425 turns).

vineage the Poker (Demonspawn Berserker)            Turns: 5425, Time: 00:20:33

Health: -1/64      AC: 12    Str: 19    XL:     8   Next: 57%
Magic:  0/8        EV: 11    Int:  9    God:    Trog [****..]
Gold:   140        SH:  0    Dex: 13    Spells: 7/7 levels left

rFire    . . .     SeeInvis .   i - +4 spear (vamp)
rCold    . . .     Gourm    .   (no shield)
rNeg     . . .     Faith    .   g - +1 scale mail
rPois    .         Spirit   +   (helmet restricted)
rElec    .         Reflect  .   (no cloak)
rCorr    .         Harm     .   (no gloves)
MR       .....                  (no boots)
Stlth    ..........             (no amulet)
Regen    0.2/turn               (no ring)
MPRegen  0.3/turn               (no ring)

@: very slightly contaminated, hasted, very quick
A: horns 2, iridescent scales 2, demonic guardian 1, magic shield, magic
regeneration
a: Berserk, Trog's Hand, Brothers in Arms, Burn Spellbooks, Renounce Religion


You were on level 7 of the Dungeon.
You worshipped Trog.
Trog was greatly pleased with you.
You were near starving.

You visited 1 branch of the dungeon, and saw 7 of its levels.

You collected 425 gold pieces.
You spent 285 gold pieces at shops.

Inventory:

Hand Weapons
 a - a +0 hand axe
 i - a +4 vampiric spear (weapon)
 j - a +0 hand axe
 q - a +4 war axe
 D - a +0 flail of crushing
Armour
 b - a +0 animal skin
 g - a +1 scale mail (worn)
Jewellery
 s - an uncursed amulet of inaccuracy
 z - a +5 amulet of reflection {unknown}
Wands
 r - a wand of iceblast (7/15)
 v - a wand of disintegration (12/24)
 x - a wand of iceblast (12/15)
 B - a wand of iceblast (6/15)
Scrolls
 c - a scroll of amnesia
 d - a scroll of enchant armour
 k - 5 scrolls of remove curse
 n - a scroll of fog
 w - 2 scrolls of identify
 y - 2 scrolls of teleportation
 C - a scroll of blinking
Potions
 e - 3 potions of lignification
 f - a potion of cancellation
 l - a potion of berserk rage
 o - 2 potions of curing
 p - 2 potions of haste
 A - 2 potions of resistance
Comestibles
 h - 2 meat rations
 m - 2 bread rations
 t - 4 fruits
 u - a royal jelly


   Skills:
 + Level 5.7 Fighting
 + Level 3.5(5.4) Axes
 + Level 6.2(6.7) Polearms
 + Level 5.0 Armour
 + Level 3.2 Dodging
 + Level 0.6 Stealth


You had 7 spell levels left.
You didn't know any spells.

Dungeon Overview and Level Annotations

Branches:
Dungeon (7/15)             Temple (0/1) D:4

Altars:
Cheibriados
Fedhas
Gozag
Nemelex Xobeh
Okawaru
Qazlal
Ru
Xom

Shops:
D:4 [   D:5 (==?   D:6 *   D:7 =

Annotations:
D:7 Joseph


Innate Abilities, Weirdness & Mutations

You have a pair of horns on your head.
You are mostly covered in iridescent scales. (AC +4)
A weak demonic guardian rushes to your aid.
When hurt, damage is shared between your health and your magic reserves.
You regenerate magic rapidly.


Message History

Your white imp hits the orc warrior but does no damage.
Found a stone staircase leading down.
You closely miss Joseph.
Joseph is lightly wounded.
Your shadow imp hits Joseph.
You hit Joseph.
Joseph is moderately wounded.
Joseph hits you but does no damage.
The orc warrior hits you from afar with a trident.
* * * LOW HITPOINT WARNING * * *
Your white imp hits the orc warrior but does no damage.
You hit Joseph.
You feel better.
You headbutt Joseph.
Joseph is moderately wounded.
Your shadow imp completely misses Joseph.
You barely miss Joseph.
Joseph is moderately wounded.
Joseph hits you with an uncursed quarterstaff!
* * * LOW HITPOINT WARNING * * *
The orc warrior hits you from afar with a trident.
You die...

#.. >..+ #... ...####
#.... ....... #....
.......
#....##........
#....#..........
#....5..........
#....@@5.......##
#...o............
#....5)...........
######(......#........
#.).....#..(.....
#..(....#.......##
#..(....#.........
#########...#.........
#.....###...#.........


You could see Joseph, an orc warrior, a friendly white imp and 2 friendly shadow
imps.

Vanquished Creatures
  A hungry ghost (D:7)
  A sky beast (D:7)
  A bullfrog (D:6)
  A scorpion (D:5)
  4 wights (D:6)
  A crimson imp (D:5)
  2 hounds
  2 jellies (D:6)
  2 orc priests
  3 orc wizards
  A centaur skeleton (D:5)
  An iguana (D:4)
  3 worker ants
  A hound zombie (D:5)
  4 gnolls
  9 adders
  3 oozes
  An adder skeleton (D:4)
  2 worms
  A dart slug (D:1)
  4 leopard geckos
  29 orcs
  6 giant cockroaches
  10 goblins
  9 hobgoblins
  8 jackals
  9 quokkas
  4 bats
  A frilled lizard (D:3)
  9 kobolds
  A leopard gecko zombie (D:5)
  A quokka skeleton (D:7)
  3 rats
138 creatures vanquished.

Vanquished Creatures (collateral kills)
  The ghost of p0werm0de the Skirmisher, an amateur DsFi (D:4)
  2 phantoms
  An ogre (D:4)
  An orc priest (D:5)
  2 gnolls (D:2)
  4 orcs
  A rat (D:2)
12 creatures vanquished.

Vanquished Creatures (others)
  A plant (D:6)
1 creature vanquished.

Grand Total: 151 creatures vanquished

Notes
Turn   | Place    | Note
-------+----------+-------------------------------------------
     0 | D:1      | vineage the Demonspawn Berserker began the quest for the Orb.
     0 | D:1      | Reached XP level 1. HP: 18/18 MP: 1/1
   244 | D:1      | Gained mutation: When hurt, damage is shared between your health and your magic reserves. [demonic ancestry]
   244 | D:1      | Reached XP level 2. HP: 22/24 MP: 2/2
   620 | D:2      | Gained mutation: A weak demonic guardian rushes to your aid. [demonic ancestry]
   620 | D:2      | Reached XP level 3. HP: 21/29 MP: 3/3
   967 | D:2      | Reached ** piety under Trog
  1202 | D:2      | Gained mutation: You have a pair of small horns on your head. [demonic ancestry]
  1202 | D:2      | Reached XP level 4. HP: 36/36 MP: 4/4
  1235 | D:2      | Found a blossoming altar of Fedhas.
  1528 | D:2      | Found a shimmering altar of Xom.
  1899 | D:3      | Found a snail-covered altar of Cheibriados.
  1952 | D:3      | Found a faded altar of an unknown god.
  2047 | D:3      | Reached skill level 1 in Polearms
  2068 | D:3      | Gained mutation: You have a pair of horns on your head. [demonic ancestry]
  2068 | D:3      | Reached XP level 5. HP: 40/42 MP: 5/5
  2432 | D:4      | Noticed a phantom
  2435 | D:4      | Reached *** piety under Trog
  2476 | D:4      | Killed a phantom
  2476 | D:4      | Reached skill level 2 in Polearms
  2476 | D:4      | Gained mutation: You are partially covered in iridescent scales. (AC +2) [demonic ancestry]
  2476 | D:4      | Reached XP level 6. HP: 28/48 MP: 6/6
  2515 | D:4      | Found Acopiffyco's Armour Emporium.
  2518 | D:4      | Noticed p0werm0de's ghost (amateur DsFi)
  2529 | D:4      | Killed p0werm0de's ghost
  2733 | D:4      | Found a staircase to the Ecumenical Temple.
  2773 | D:4      | Reached skill level 3 in Polearms
  2773 | D:4      | Gained mutation: You are mostly covered in iridescent scales. (AC +4) [demonic ancestry]
  2773 | D:4      | Reached XP level 7. HP: 19/55 MP: 1/7
  3105 | D:5      | Entered Level 5 of the Dungeon
  3124 | D:5      | Found Ycsured's Magic Scroll Shoppe.
  3128 | D:5      | Bought a scroll of identify for 22 gold pieces
  3128 | D:5      | Bought a scroll of remove curse for 33 gold pieces
  3128 | D:5      | Bought a scroll of identify for 22 gold pieces
  3128 | D:5      | Bought a scroll of enchant weapon for 82 gold pieces
  3128 | D:5      | Bought a scroll of enchant weapon for 82 gold pieces
  3128 | D:5      | Bought a scroll of identify for 22 gold pieces
  3128 | D:5      | Bought a scroll of identify for 22 gold pieces
  3248 | D:5      | Found Vor Ire's Jewellery Emporium.
  3284 | D:5      | Found Majov's Antique Weapon Shoppe.
  3325 | D:5      | Found Unepots's Jewellery Emporium.
  3523 | D:5      | Reached skill level 4 in Polearms
  3555 | D:5      | Reached skill level 5 in Fighting
  3720 | D:5      | Found an opulent altar of Gozag.
  3926 | D:6      | Reached skill level 5 in Polearms
  3926 | D:6      | Gained mutation: You regenerate magic rapidly. [demonic ancestry]
  3926 | D:6      | Reached XP level 8. HP: 50/63 MP: 6/8
  3974 | D:6      | Found Epnicuos's Assorted Antiques.
  4116 | D:6      | Reached **** piety under Trog
  4997 | D:6      | Found Yfoow's Armour Shop.
  5189 | D:7      | Found an iron altar of Okawaru.
  5189 | D:7      | Found a faded altar of an unknown god.
  5196 | D:7      | Found a stormy altar of Qazlal.
  5198 | D:7      | Found a sacrificial altar of Ru.
  5200 | D:7      | Found a sparkling altar of Nemelex Xobeh.
  5303 | D:7      | Found Suh Vuoc's Jewellery Emporium.
  5340 | D:7      | Reached skill level 6 in Polearms
  5402 | D:7      | Reached skill level 5 in Armour
  5412 | D:7      | Noticed Joseph
  5425 | D:7      | Slain by an orc warrior

Skill      XL: |  1  2  3  4  5  6  7  8 |
---------------+-------------------------+-----
Axes           | 3 |  3.5
Armour         | 2 3 4 5 |  5.0
Dodging        | 2 3 |  3.2
Polearms       | 1 2 3 5 6 |  6.2
Fighting       | 4 5 |  5.7
Stealth        | |  0.6

Action                   |  1- 3 |  4- 6 |  7- 9 || total
-------------------------+-------+-------+-------++-------
Melee: Hand axe          |    88 |       |       ||    88
       Spear             |    13 |   199 |   240 ||   452
       Headbutt          |       |    32 |    34 ||    66
Invok: Trog's Hand       |     1 |       |       ||     1
  Use: Scroll            |     2 |     6 |     7 ||    15
       Potion            |       |     2 |     3 ||     5
  Eat: Meat ration       |     1 |     2 |       ||     3
       Bread ration      |     1 |       |     1 ||     2
       Fruit             |       |       |     4 ||     4
       Royal jelly       |       |       |     1 ||     1
Armor: Animal skin       |     1 |       |       ||     1
       Scale mail        |    18 |    56 |    84 ||   158
Dodge: Dodged            |    54 |    76 |    89 ||   219
